 Dungeon Crawl Stone Soup version 0.29-a0-352-g0917bc69df (webtiles) character file.

Game seed: 5630577700816128124

25610 Shayle the Nimble (level 13, -1/124 HPs)
             Began as a Tengu Brigand on Apr 23, 2022.
             Was a High Priest of Wu Jian.
             Slain by a manticore (15 damage)
             ... on level 4 of the Lair of Beasts on Apr 24, 2022.
             The game lasted 00:57:35 (17332 turns).

Shayle the Nimble (Tengu Brigand)                  Turns: 17332, Time: 00:57:37

Health: -1/124     AC: 26    Str: 14    XL:     13   Next: 20%
Magic:  18/18      EV:  2    Int: 14    God:    Wu Jian [*****.]
Gold:   772        SH:  0    Dex: 16    Spells: 18/18 levels left

rFire   . . .      SeeInvis .   a - +3 dagger (venom)
rCold   . . .      Faith    .   (no shield)
rNeg    . . .      Spirit   .   (body armour currently unavailable)
rPois   +          Reflect  +   (helmet currently unavailable)
rElec   .          Harm     .   (cloak currently unavailable)
rCorr   +          Rampage  .   (gloves currently unavailable)
Will    .....      NoTele   +   (boots unavailable)
Stlth   ++........              g - amulet of reflection
HPRegen 0.30/turn               B - ring of resist corrosion
MPRegen 0.16/turn               N - +4 ring of evasion

@: confused, lethally poisoned (-1 -> -14), tree-form, ambrosia-drunk, invisible
A: stationary, stasis, torment immunity, boosted hp, (beak), (talons 3), nimble
flight
a: Renounce Religion, Wall Jump, Serpent's Lash, Heavenly Storm


You were on level 4 of the Lair of Beasts.
You worshipped Wu Jian.
Wu Jian was extremely pleased with you.
You were a tree.
You visited 3 branches of the dungeon, and saw 17 of its levels.
You also visited: Sewer.

You collected 924 gold pieces.
You spent 152 gold pieces at shops.

Inventory:

Hand Weapons
 a - a +3 dagger of venom (weapon)
 s - a +3 mace of holy wrath
 y - a +5 trident
Missiles
 d - 52 poisoned darts (quivered)
 e - 3 curare-tipped darts
 w - 3 throwing nets
Armour
 b - a +0 robe
 c - a +2 cloak (melded)
 m - a +0 ring mail
 G - +1 acid dragon scales (melded)
Jewellery
 g - an amulet of reflection (around neck)
 i - a ring of fire
 B - a ring of resist corrosion (left branch)
 K - a +6 ring of dexterity
 N - a +4 ring of evasion (right branch)
 O - a ring of poison resistance
 Q - a ring of magical power
Wands
 t - a wand of flame (33)
 u - a wand of acid (3)
 v - a wand of polymorph (7)
 z - a wand of mindburst (27)
 A - a wand of iceblast (16)
 L - a wand of paralysis (11)
 P - a wand of digging (4)
Scrolls
 n - 3 scrolls of amnesia
 o - 13 scrolls of teleportation
 F - 2 scrolls of holy word
 H - 2 scrolls of fog
 J - 2 scrolls of magic mapping
Potions
 h - 3 potions of might
 j - 3 potions of cancellation
 l - 2 potions of haste
 p - a potion of lignification
 q - 9 potions of flight
 r - a potion of attraction
 x - 2 potions of magic
 D - 2 potions of ambrosia
 E - a potion of mutation {unknown}
 I - a potion of resistance {unknown}


   Skills:
 + Level 10.5 Fighting
 - Level 8.0 Short Blades
 - Level 2.0 Throwing
 + Level 4.3 Armour
 + Level 11.3 Dodging
 - Level 8.0 Stealth
 - Level 8.4 Shields
 - Level 3.0 Spellcasting
 + Level 9.6 Evocations


You had 18 spell levels left.
You didn't know any spells.
Your spell library contained the following spells:

 Spells                   Type           Power      Damage    Failure   Level
 Sandblast                Erth           4%         2d4       22%         1
 Ensorcelled Hibernation  Hex/Ice        4%         N/A       32%         2
 Passwall                 Tmut/Erth      1%         N/A       32%         2
 Sublimation of Blood     Necr           2%         N/A       32%         2
 Wereblood                Tmut           2%         N/A       32%         2
 Frozen Ramparts          Ice            4%         1d2       54%         3
 Spider Form              Tmut/Pois      2%         N/A       54%         3
 Stone Arrow              Conj/Erth      4%         3d7       54%         3
 Anguish                  Hex/Necr       1%         N/A       91%         4
 Ice Form                 Ice/Tmut       2%         N/A       91%         4
 Summon Ice Beast         Ice/Summ       2%         N/A       91%         4
 Summon Hydra             Summ           1%         N/A       100%        7


Dungeon Overview and Level Annotations

Branches:
Dungeon (12/15)            Temple (1/1) D:4            Lair (3/6) D:8
  Snake (0/4) Lair:3          Orc (0/2) D:9           Sewer (visited)
  Swamp: Lair:2-4    Shoals: Lair:2-4

Altars:
Ashenzari
Cheibriados
Dithmenos
Elyvilon
Fedhas
Gozag
Hepliaklqana
Kikubaaqudgha
Makhleb
Nemelex Xobeh
Okawaru
Qazlal
Ru
Sif Muna
Trog
Uskayaw
Vehumet
Wu Jian
Xom
Yredelemnul
Zin
The Shining One

Shops:
D:10 ?

Annotations:
D:2 1 runed translucent door, Crazy Yiuf
D:4 2 transporters, Antichthon's ghost, amateur NaWr
D:5 3 runed translucent doors, Aaric's ghost, novice KoBr; HilariousDeathArtist's ghost, novice MiBr; NateTC's ghost, novice HOFi; bande's ghost, novice GrFi; kevlar127's ghost, novice TrBe
D:9 1 runed translucent door, sammy202020's ghost, novice DsBe


Innate Abilities, Weirdness & Mutations

You are a tree.
Your roots penetrate the ground, keeping you stationary.
You cannot be teleported.
You are immune to unholy pain and torment.
Your maximum health is greatly increased.
Your equipment is partially melded.
((You have a beak for a mouth.))
((You have claws for feet.))
Your magical nature lets you fly swiftly and evasively.


Message History

The manticore claws you but does no damage. x2
The blink frog hits you but does no damage.
The water moccasin bites you but does no damage.
You catch the helpless blink frog completely off-guard!
You impale the blink frog!!
You kill the blink frog!
The Council accepts your kill.
The manticore bites you but does no damage.
The manticore completely misses you.
The manticore claws you but does no damage.
You hit the water moccasin.
The water moccasin is heavily wounded.
The water moccasin bites you but does no damage.
Unknown command.
You hit the water moccasin.
The water moccasin is severely wounded.
The water moccasin bites you but does no damage.
The manticore bites you but does no damage.
The manticore claws you.
* * * LOW HITPOINT WARNING * * *
The manticore completely misses you.
You hit the water moccasin.
The water moccasin is severely wounded.
The water moccasin barely misses you.
Unknown command.
You hit the manticore but do no damage.
The manticore is poisoned.
The manticore is heavily wounded.
The water moccasin bites you.
* * * LOW HITPOINT WARNING * * *
You are lethally poisoned!
The water moccasin poisons you!
Unknown command.
Okay, then.
You are confused.
You feel invigorated.
* * * LOW HITPOINT WARNING * * *
You feel very sick.
The water moccasin bites you but does no damage.
The manticore bites you!
You die...

#########.##....##
#..#.............##
................!#
.............PP.....##
.... ..###..........#
...##.# #..##.....##
#..#P.# #..##...###
#..##.##.........###
.####..#♣............#.#
.......S.H............##
.......................##
..###...................#
#....................#
...#..................##
#......#.......##P.....#
##.............#......##
..........[..........##


You could see a manticore (can't see you, very poisoned) and a water moccasin
(can't see you).

Vanquished Creatures
  Snorg (D:11)
  2 boulder beetles (D:11)
  4 two-headed ogres
  Pikel (D:6)
  2 cyclopes (D:11)
  2 black mambas
  7 cane toads
  5 rime drakes
  2 unseen horrors
  A kobold demonologist (D:12)
  3 komodo dragons
  2 polar bears
  A troll (D:10)
  A wind drake (Lair:4)
  5 blink frogs (Lair:4)
  Sigmund (D:2)
  A wraith (D:6)
  3 shadows
  35 yaks
  A wyvern (Lair:2)
  Eustachio (D:6)
  3 steam dragons
  A vampire mosquito (D:11)
  An acid dragon (D:10)
  7 water moccasins
  2 ice beasts (D:7)
  A sky beast (D:7)
  2 orc warriors
  5 black bears
  Pargi (D:4)
  2 ogres
  2 lemures (D:5)
  5 wolves
  4 centaurs
  7 kobold brigands
  8 bullfrogs
  3 scorpions (D:5)
  2 necrophages
  5 wights
  10 killer bees
  An electric eel (Lair:2)
  3 howler monkeys
  6 hounds
  7 jellies
  5 orc priests
  4 iguanas
  Ijyb (D:3)
  13 hell rats
  7 orc wizards
  A merfolk siren (Sewer)
  A merfolk avatar (Sewer)
  3 gnolls
  15 adders
  3 river rats (Sewer)
  A shadow imp (D:4)
  2 white imps (D:7)
  2 worms (D:2)
  2 dart slugs
  20 orcs
  11 bats
  8 endoplasms
  9 giant cockroaches
  7 hobgoblins
  6 jackals
  26 kobolds
  12 quokkas
  10 ball pythons
  3 frilled lizards
  9 goblins
  28 rats
378 creatures vanquished.

Vanquished Creatures (others)
  9 fungi
  7 plants
16 creatures vanquished.

Grand Total: 394 creatures vanquished

Notes
Turn   | Place    | Note
-------+----------+-------------------------------------------
     0 | D:1      | Shayle the Tengu Brigand began the quest for the Orb.
     0 | D:1      | Reached XP level 1. HP: 12/12 MP: 2/2
   337 | D:1      | Reached XP level 2. HP: 11/17 MP: 3/3
   631 | D:1      | Reached skill level 1 in Spellcasting
   896 | D:1      | Reached skill level 2 in Dodging
   897 | D:1      | Found a faded altar of an unknown god.
   899 | D:1      | Reached XP level 3. HP: 20/22 MP: 5/5
  1397 | D:2      | Noticed Sigmund
  1543 | D:2      | Killed Sigmund
  1544 | D:2      | Reached skill level 3 in Dodging
  1544 | D:2      | Reached XP level 4. HP: 21/29 MP: 6/8
  1544 | D:2      | Gained mutation: Your magical nature lets you fly swiftly
                  | and evasively. [Tengu growth]
  1544 | D:2      | Reached XP level 5. HP: 24/33 MP: 6/9
  1815 | D:2      | Reached XP level 6. HP: 33/38 MP: 9/11
  1945 | D:2      | Found a runed translucent door.
  1946 | D:2      | Noticed Crazy Yiuf
  2512 | D:4      | Reached skill level 4 in Dodging
  2521 | D:4      | Found a staircase to the Ecumenical Temple.
  2529 | Temple   | Entered the Ecumenical Temple
  2659 | Temple   | Became a worshipper of the Wu Jian Council
  2950 | D:3      | Noticed Ijyb
  2972 | D:3      | Killed Ijyb
  3238 | D:3      | Reached XP level 7. HP: 35/44 MP: 12/12
  3252 | D:3      | Reached * piety under Wu Jian
  3258 | D:3      | Reached skill level 1 in Evocations
  3437 | D:3      | Found a stormy altar of Qazlal.
  3470 | D:3      | Found a glowing golden altar of the Shining One.
  3470 | D:3      | Found a glowing silver altar of Zin.
  3471 | D:3      | Found a white marble altar of Elyvilon.
  3767 | D:4      | Reached skill level 1 in Shields
  3833 | D:4      | Noticed Antichthon's ghost (amateur NaWr)
  3834 | D:4      | Found a transporter.
  4003 | D:4      | Found an ancient bone altar of Kikubaaqudgha.
  4074 | D:4      | Found a transporter.
  4290 | D:4      | Noticed Pargi
  4303 | D:4      | Killed Pargi
  4406 | D:5      | Entered Level 5 of the Dungeon
  4489 | D:5      | Found a glowing drain.
  4498 | D:5      | Reached ** piety under Wu Jian
  4511 | Sewer    | Entered a sewer
  4691 | Sewer    | Reached XP level 8. HP: 42/48 MP: 13/13
  4860 | Sewer    | Reached skill level 5 in Dodging
  4945 | Sewer    | Reached *** piety under Wu Jian
  5194 | D:5      | Reached skill level 5 in Fighting
  5194 | D:5      | Reached skill level 5 in Stealth
  5459 | D:5      | Noticed a yak
  5478 | D:5      | Killed a yak
  6102 | D:5      | Found a runed translucent gate.
  6102 | D:5      | Found a runed translucent gate.
  6103 | D:5      | Found a runed translucent gate.
  6105 | D:5      | Noticed HilariousDeathArtist's ghost (novice MiBr)
  6105 | D:5      | Noticed bande's ghost (novice GrFi)
  6107 | D:5      | Noticed kevlar127's ghost (novice TrBe)
  6107 | D:5      | Noticed NateTC's ghost (novice HOFi)
  6107 | D:5      | Noticed Aaric's ghost (novice KoBr)
  6266 | D:6      | Noticed Pikel
  6270 | D:6      | Noticed Eustachio
  6523 | D:6      | Reached XP level 9. HP: 54/54 MP: 14/14
  6587 | D:6      | Reached skill level 6 in Dodging
  6607 | D:6      | Killed an unseen horror
  6700 | D:6      | Killed Pikel
  6701 | D:6      | Reached skill level 5 in Short Blades
  6840 | D:6      | Reached **** piety under Wu Jian
  7142 | D:6      | Reached XP level 10. HP: 31/61 MP: 15/15
  7550 | D:7      | Reached skill level 5 in Evocations
  7562 | D:6      | Reached skill level 7 in Dodging
  7741 | D:6      | Killed Eustachio
  7790 | D:6      | Reached skill level 5 in Shields
  8877 | D:8      | Found a basalt altar of Yredelemnul.
  8970 | D:8      | Found a staircase to the Lair.
  9272 | D:8      | Found a blossoming altar of Fedhas.
  9272 | D:8      | Found a radiant altar of Vehumet.
  9365 | D:9      | Reached ***** piety under Wu Jian
  9372 | D:9      | Found a shimmering blue altar of Sif Muna.
  9486 | D:9      | Found a broken altar of Ashenzari.
  9488 | D:9      | Found a burning altar of Makhleb.
  9488 | D:9      | Found a sacrificial altar of Ru.
  9571 | D:9      | Found a runed translucent door.
  9572 | D:9      | Noticed sammy202020's ghost (novice DsBe)
  9612 | D:9      | Found a shimmering altar of Xom.
 10037 | D:9      | Noticed a two-headed ogre
 10192 | D:9      | Reached XP level 11. HP: 67/67 MP: 16/16
 10205 | D:9      | Reached skill level 8 in Dodging
 10268 | D:9      | Killed a two-headed ogre
 10960 | D:9      | Found a staircase to the Orcish Mines.
 11119 | D:10     | Entered Level 10 of the Dungeon
 11168 | D:10     | Found Noef's Magic Scroll Shop.
 11177 | D:10     | Bought a scroll of identify for 32 gold pieces
 11177 | D:10     | Bought a scroll of identify for 32 gold pieces
 11177 | D:10     | Bought a scroll of identify for 32 gold pieces
 11177 | D:10     | Bought a scroll of magic mapping for 56 gold pieces
 11570 | D:10     | Noticed a two-headed ogre
 11619 | D:10     | Killed a two-headed ogre
 11986 | D:11     | Noticed a cyclops
 11999 | D:11     | Killed a cyclops
 12130 | D:11     | Noticed Snorg
 12185 | D:11     | Noticed a boulder beetle
 12196 | D:11     | Killed a boulder beetle
 12488 | D:11     | Noticed a cyclops
 12504 | D:11     | Killed a cyclops
 12651 | D:11     | Killed Snorg
 12652 | D:11     | Reached skill level 9 in Dodging
 12665 | D:11     | Noticed a boulder beetle
 12676 | D:11     | Noticed a two-headed ogre
 12683 | D:11     | Killed a boulder beetle
 12689 | D:11     | Killed a two-headed ogre
 13005 | D:11     | Noticed a two-headed ogre
 13013 | D:11     | Reached XP level 12. HP: 75/75 MP: 17/17
 13018 | D:11     | Killed a two-headed ogre
 13428 | D:12     | Noticed a two-headed ogre
 13570 | Lair:1   | Entered Level 1 of the Lair of Beasts
 13838 | Lair:1   | Reached skill level 10 in Dodging
 15239 | Lair:1   | Reached skill level 1 in Armour
 15644 | Lair:2   | Reached skill level 10 in Fighting
 16456 | Lair:2   | Reached XP level 13. HP: 63/82 MP: 18/18
 16876 | Lair:3   | Reached skill level 11 in Dodging
 17185 | Lair:3   | Found a staircase to the Snake Pit.
 17185 | Lair:3   | You are sucked into a shaft and drop 1 floor!
 17332 | Lair:4   | Slain by a manticore

Illustrated notes

Levels and vault maps discovered:
D:1:      beargit_arrival_diablo_church, layout_basic,
          shapermc_ecumenical_altar_petra, st_stairs_8,
          minmay_misc_feat_diagonals
D:2:      layout_rooms, uniq_sigmund, uniq_crazy_yiuf_cottage
D:3:      layout_rooms, good_gods_temple_1, grunt_qazlal_clouds,
          kennysheep_nondescript, st_stairs_1, uniq_ijyb
D:4:      layout_basic, overflow_temple_1_default, minmay_temple_entry_trees,
          gammafunk_ghost_arena, minmay_liquid_box,
          amcnicky_mini_corridor_feature, uniq_pargi
D:5:      minmay_chambers_of_fours, layout_rooms, portal_sewer_entry_f,
          gammafunk_ghost_cemetery, kennysheep_generic_room_14
D:6:      hangedman_cross_stitches, layout_cave_pools, uniq_pikel,
          uniq_eustachio
D:7:      layout_cave_pools
D:8:      layout_cave_pools, gammafunk_temple_overflow_pools,
          old_standard_altar, lair_entry_dummy
D:9:      minmay_s_stair_smasher, layout_loops_ring, mainiacjoe_overflow_paths,
          old_standard_altar, grunt_temple_overflow_open,
          ebering_ghost_reflecting_pool, chequers_serial_rivers_marsh
D:10:     layout_cross, serial_shops, shop
D:11:     layout_cave_pods, uniq_snorg
D:12:     minmay_evil_eye, layout_loops_ring, uniq_erolcha
Temple:   nicolae_temple_figure_zero
Lair:1:   layout_cave_pods, beast_lair_carwin_6, grunt_megastairs_2
Lair:2:   layout_gridlike, serial_bayou_shore_a
Lair:3:   layout_long_grid, guppyfry_snake_entry_island, basic_altar,
          uniq_amaemon
Lair:4:   layout_gridlike, minmay_shoals_entry_beasts, lemuel_fruit_tree,
          grunt_megastairs_3

Skill      XL: |  1  2  3  4  5  6  7  8  9 10 11 12 13 |
---------------+----------------------------------------+-----
Spellcasting   | 1 2 3 |  3.0
Dodging        | 2 3 4 5 6 7 9 10 11 | 11.3
Fighting       | 3 4 5 6 7 8 10 | 10.5
Evocations     | 2 3 4 6 7 9 |  9.6
Shields        | 1 3 4 5 7 8 |  8.4
Short Blades   | 3 4 5 7 8 |  8.0
Stealth        | 5 6 7 8 |  8.0
Armour         | 3 4 |  4.3
Throwing       | |  2.0

Action                   |  1- 3 |  4- 6 |  7- 9 | 10-12 | 13-15 || total
-------------------------+-------+-------+-------+-------+-------++-------
Melee: Dagger            |    79 |    94 |   203 |   807 |   162 ||  1345
       Kick              |    18 |    34 |   115 |   313 |    58 ||   538
       Peck              |    16 |    15 |    65 |   210 |    36 ||   342
       Mace              |       |    23 |   163 |       |       ||   186
       Punch             |       |     1 |     4 |    14 |     2 ||    21
Throw: Dart              |     3 |     7 |    11 |    39 |       ||    60
       Throwing net      |       |       |     1 |       |       ||     1
Invok: Lunge             |       |     2 |    24 |    47 |     7 ||    80
       Whirlwind         |       |       |    26 |   273 |    65 ||   364
       Serpent's Lash    |       |       |       |     1 |     1 ||     2
       Heavenly Storm    |       |       |       |     1 |       ||     1
 Abil: Wall Jump         |       |       |     1 |    18 |     8 ||    27
Evoke: Wand              |       |       |     2 |     5 |       ||     7
  Use: Potion            |     1 |       |     2 |     4 |     5 ||    12
       Scroll            |       |       |     3 |    24 |       ||    27
 Stab: Sleeping          |     6 |     3 |    14 |    17 |     2 ||    42
       Distracted        |       |       |       |     6 |       ||     6
       Invisible         |       |       |       |       |     2 ||     2
Armor: Robe              |     7 |       |       |       |       ||     7
       Ring mail         |    14 |    30 |    87 |    27 |       ||   158
       Acid dragon scale |       |       |       |    35 |    10 ||    45
       Skin              |       |       |       |       |    23 ||    23
Dodge: Dodged            |    27 |    67 |   207 |   360 |    82 ||   743
Block: Other             |    16 |    19 |    76 |   114 |    24 ||   249
       Reflection        |       |       |     2 |     3 |       ||     5

Table legend: (Time is in decaauts)
 A = Elapsed time spent in this place.
 B = Non-inter-level travel time spent in this place.
 C = Inter-level travel time spent in this place.
 D = Time resting spent in this place.
 E = Time spent auto-exploring this place.
 F = Levels seen in this place.
 G = Mean time per level.
                   A        B        C        D        E       F      G
               +--------+--------+--------+--------+--------+-----+--------+
         Total |  16371 |  15566 |    805 |   3026 |   8588 |  18 |  909.5 |
       Dungeon |  12087 |  11510 |    577 |   2459 |   6158 |  12 | 1007.2 |
        Temple |    139 |    132 |      7 |      0 |    101 |   1 |  139.0 |
          Lair |   3535 |   3314 |    221 |    491 |   2075 |   4 |  883.8 |
         Sewer |    609 |    609 |      0 |     76 |    252 |   1 |  609.0 |
               +--------+--------+--------+--------+--------+-----+--------+

Top non-repeatable levels by time:
  Lair:1: 2092 daAuts
     D:1: 1501 daAuts
     D:9: 1489 daAuts
     D:6: 1436 daAuts
     D:5: 1420 daAuts
    D:11: 1387 daAuts
  Lair:2: 1128 daAuts
     D:4: 1031 daAuts
     D:3: 858 daAuts
     D:8: 808 daAuts
    D:10: 727 daAuts
     D:2: 688 daAuts
     D:7: 685 daAuts
   Sewer: 609 daAuts
  Lair:3: 178 daAuts
